 Dungeon Crawl Stone Soup version 0.25-a0-558-g78a2afb0af (webtiles) character file.

Game seed: 2779432141179605414, levelgen mode: deterministic

79 Flugslaktarn the Shield-Bearer (level 4, -14/37 HPs)
             Began as a Formicid Fighter on Feb 24, 2020.
             Demolished by Menkaure (16 damage)
             ... on level 5 of the Dungeon.
             The game lasted 00:00:30 (900 turns).

Flugslaktarn the Shield-Bearer (Formicid Fighter)    Turns: 900, Time: 00:00:31

Health: -14/37     AC:  7    Str: 22    XL:     4   Next: 64%
Magic:  4/4        EV:  8    Int:  7    God:
Gold:   47         SH:  9    Dex: 10    Spells: 3/3 levels left

rFire    . . .     SeeInvis +   a - +0 war axe
rCold    . . .     Gourm    .   c - +0 kite shield
rNeg     . . .     Faith    .   b - +0 scale mail
rPois    .         Spirit   .   (helmet unavailable)
rElec    .         Reflect  .   (no cloak)
rCorr    .         Harm     .   (no gloves)
MR       .....                  (no boots)
Stlth    ..........             (no amulet)
HPRegen  0.12/turn              (no ring)
MPRegen  0.09/turn              (no ring)

@: no status effects
A: permanent stasis, dig shafts and tunnels, four strong arms, antennae 3
a: Dig, Shaft Self


You were on level 5 of the Dungeon.
You were not hungry.

You visited 1 branch of the dungeon, and saw 5 of its levels.

You collected 47 gold pieces.

Inventory:

Hand Weapons
 a - a +0 war axe (weapon)
Armour
 b - a +0 scale mail (worn)
 c - a +0 kite shield (worn)
Scrolls
 g - a scroll of magic mapping {unknown}
 j - a scroll of identify {unknown}
 l - a scroll of remove curse {unknown}
 m - a scroll of amnesia {unknown}
Potions
 d - a potion of might
 f - a potion of magic {unknown}
 h - a potion of stabbing {unknown}
 i - a potion of ambrosia {unknown}
 k - a potion of degeneration {unknown}
Comestibles
 e - 4 rations


   Skills:
 + Level 3.8 Fighting
 * Level 3.2 Axes
 + Level 3.8 Armour
 + Level 4.2 Shields


You had 3 spell levels left.
You didn't know any spells.
Your spell library was empty.

Dungeon Overview and Level Annotations

Branches:
Dungeon (5/15)
 Temple: D:4-7

Altars:

Annotations:
D:5 Menkaure


Innate Abilities, Weirdness & Mutations

You cannot be hasted, slowed, berserked, paralysed or teleported.
You can dig through walls and to a lower floor.
Your four strong arms can wield two-handed weapons with a shield.
You have a pair of large antennae on your head. (SInv)


Message History

Menkaure is moderately damaged.
Menkaure hits you!!
Ouch! That really hurt!
* * * LOW HITPOINT WARNING * * *
You are too injured to fight recklessly!
You are too injured to fight recklessly!
You are too injured to fight recklessly!
You are too injured to fight recklessly!
You are too injured to fight recklessly!
Unknown command.
You closely miss Menkaure.
Menkaure is moderately damaged.
Menkaure hits you but does no damage.
You hit Menkaure but do no damage.
Menkaure is moderately damaged.
Menkaure barely misses you.
You barely miss Menkaure.
Menkaure is moderately damaged.
Menkaure hits you!
You die...

#........#)#
#........#)#
...........# ## #
#.........## ..?#.
#.........#
.....#####..(......#
#.........#######.#
##.....##....# #.#
....###@#####.####.###
## #M# #.#..<...# #Z#
#........# #..
##.......# ##.
#.......# .. #.......#
#. ##......# .#
#......# #......#


You could see Menkaure and a bullfrog zombie.

Vanquished Creatures
  An orc priest (D:5)
  An orc wizard (D:5)
  An adder (D:3)
  3 orcs (D:5)
  2 ball pythons (D:3)
  A goblin (D:2)
  A hobgoblin (D:3)
  A kobold (D:2)
  A jackal skeleton (D:4)
  A leopard gecko zombie (D:5)
13 creatures vanquished.

Notes
Turn   | Place    | Note
-------+----------+-------------------------------------------
     0 | D:1      | Flugslaktarn the Formicid Fighter began the quest for the
                  | Orb.
     0 | D:1      | Reached XP level 1. HP: 18/18 MP: 1/1
   204 | D:3      | Reached XP level 2. HP: 8/24 MP: 2/2
   631 | D:5      | Entered Level 5 of the Dungeon
   663 | D:5      | Reached XP level 3. HP: 25/29 MP: 3/3
   674 | D:5      | Reached skill level 4 in Shields
   674 | D:5      | Reached XP level 4. HP: 27/37 MP: 4/4
   894 | D:5      | Noticed Menkaure
   897 | D:5      | HP: 1/37 [Menkaure (19)]
   900 | D:5      | Demolished by Menkaure

Levels and vault maps discovered:
D:1:      dpeg_arrival_water_fire, layout_loops_ring
D:2:      layout_loops_ring, lemuel_coloured_pillars_altar, uniq_jessica
D:3:      layout_basic, first_ration
D:4:      layout_basic, temple_doors_cd
D:5:      layout_rooms, kiku_gazebo_garden_becter, ebering_ghost_sewer_d,
          nrook_mini_backslash, uniq_menkaure

Skill      XL: |  1  2  3  4 |
---------------+-------------+-----
Shields        | 4 |  4.2
Axes           | 3 |  3.2
Fighting       | |  3.8
Armour         | |  3.8

Action                   |  1- 3 |  4- 6 || total
-------------------------+-------+-------++-------
Melee: War axe           |    40 |    23 ||    63
Armor: Scale mail        |    23 |     5 ||    28
Dodge: Dodged            |    10 |     5 ||    15
Block: Kite shield       |    18 |    11 ||    29

Table legend:
 A = Non-vault XP
 B = Vault XP
 C = Vault XP percentage of total XP
 D = Non-vault monster count
 E = Vault monster count
 F = Vault count percentage of total count
                 A         B        C        D         E       F
            +---------+---------+-------+---------+---------+-------
      Total |     114 |       0 |   0.0 |      13 |       0 |   0.0
            +---------+---------+-------+---------+---------+-------
        D:2 |       4 |       0 |   0.0 |       2 |       0 |   0.0
        D:3 |      18 |       0 |   0.0 |       4 |       0 |   0.0
        D:4 |       1 |       0 |   0.0 |       1 |       0 |   0.0
        D:5 |      91 |       0 |   0.0 |       6 |       0 |   0.0
            +---------+---------+-------+---------+---------+-------
